| TOP OF THE 1ST |
|
Stanford University Cardinal batting - Pitching for University of Arizona Wildcats : RHP Melvin Orengo
|
|
Pitching: RHP Melvin Orengo
|
|
|
Batting: RHB Joe Gabriel
|
0-0: Ball 1-0: Swinging Strike 1-1: Foul Ball, location: 2F 1-2: Strikes out swinging
|
|
Batting: RHB Trent Spivey
|
0-0: Ground out 4-3 (Groundball, 4, EV 88.1 MPH)
|
|
Batting: RHB Guillermo Puente
|
0-0: Ball 1-0: Called Strike 1-1: Ball 2-1: Called Strike 2-2: Strikes out swinging
|
| Top of the 1st over - 0 runs, 0 hits, 0 errors, 0 left on base; Stanford University 0 - University of Arizona 0 |
| BOTTOM OF THE 1ST |
|
University of Arizona Wildcats batting - Pitching for Stanford University Cardinal : RHP George Leroux
|
|
Pitching: RHP George Leroux
|
|
|
Batting: RHB Ron Dondale
|
0-0: Ball 1-0: Ball 2-0: Ball 3-0: Called Strike 3-1: Foul Ball, location: 2F 3-2: SOLO HOME RUN (Flyball, 7D, EV 110.0 MPH), Distance : 417 ft
|
|
Batting: LHB Edelberto Barbas
|
0-0: Called Strike 0-1: Fly out, F7 (Flyball, 78S, EV 94.4 MPH)
|
|
Batting: RHB C.J. Wells
|
0-0: Ground out 6-3 (Groundball, P, EV 84.4 MPH)
|
|
Batting: RHB Larry Harlow
|
0-0: Called Strike 0-1: Ball 1-1: SOLO HOME RUN (Line Drive, 7D, EV 115.6 MPH), Distance : 436 ft
|
|
Batting: RHB Pedro Lopez
|
0-0: Ball 1-0: DOUBLE (Flyball, 8RXD, EV 92.5 MPH)
|
|
Batting: RHB Mike Llamas
|
0-0: Called Strike 0-1: Ball 1-1: Fly out, F3 (Popup, 23F, EV 78.8 MPH)
|
| Bottom of the 1st over - 2 runs, 3 hits, 0 errors, 1 left on base; Stanford University 0 - University of Arizona 2 |
| TOP OF THE 2ND |
|
Stanford University Cardinal batting - Pitching for University of Arizona Wildcats : RHP Melvin Orengo
|
|
Batting: LHB Chien Sam
|
0-0: Ball 1-0: Foul Ball, location: 2F 1-1: Foul Ball, location: 2F 1-2: Ball 2-2: Ground out 4-3 (Groundball, 4, EV 85.0 MPH)
|
|
Batting: RHB Marco Morales
|
0-0: Ball 1-0: Ball 2-0: Called Strike 2-1: Foul Ball, location: 2F 2-2: Foul Ball, location: 2F 2-2: Foul Ball, location: 2F 2-2: Foul Ball, location: 2F 2-2: Ground out 4-3 (Groundball, 4, EV 83.8 MPH)
|
|
Batting: SHB Danny Gallegos
|
0-0: Foul Ball, location: 2F 0-1: Fly out, F8 (Flyball, 8LD, EV 89.4 MPH)
|
| Top of the 2nd over - 0 runs, 0 hits, 0 errors, 0 left on base; Stanford University 0 - University of Arizona 2 |
| BOTTOM OF THE 2ND |
|
University of Arizona Wildcats batting - Pitching for Stanford University Cardinal : RHP George Leroux
|
|
Batting: RHB Scott Anderson
|
0-0: Swinging Strike 0-1: Fly out, F8 (Flyball, 8LM, EV 88.1 MPH)
|
|
Batting: LHB Pat Costello
|
0-0: Called Strike 0-1: Called Strike 0-2: Foul Ball, location: 2F 0-2: Foul Ball, location: 2F 0-2: Ball 1-2: Ball 2-2: Ball 3-2: Ground out 5-3 (Groundball, 56S, EV 93.1 MPH)
|
|
Batting: LHB Gary Corrales
|
0-0: Ball 1-0: Fly out, F6 (Popup, 6M, EV 62.5 MPH)
|
| Bottom of the 2nd over - 0 runs, 0 hits, 0 errors, 0 left on base; Stanford University 0 - University of Arizona 2 |
| TOP OF THE 3RD |
|
Stanford University Cardinal batting - Pitching for University of Arizona Wildcats : RHP Melvin Orengo
|
|
Batting: RHB Soichi Kaneshiro
|
0-0: Swinging Strike 0-1: Foul Ball, location: 2F 0-2: Ball 1-2: Foul Ball, location: 2F 1-2: Ball 2-2: DOUBLE (Line Drive, 7LS, EV 105.0 MPH)
|
|
Batting: LHB Bob Neale
|
0-0: Ball 1-0: Swinging Strike 1-1: Ball 2-1: Ball 3-1: Ground out 4-3 (Groundball, 4, EV 85.6 MPH) Soichi Kaneshiro to third
|
|
Batting: RHB Gong-sun Law
|
0-0: Foul Ball, location: 2F 0-1: Foul Ball, location: 2F 0-2: Ball 1-2: Foul Ball, location: 2F 1-2: Ground out 6-3 (Groundball, 6, EV 102.5 MPH) Soichi Kaneshiro scores
|
|
Batting: RHB Joe Gabriel
|
0-0: Fly out, F9 (Line Drive, 9, EV 100.0 MPH)
|
| Top of the 3rd over - 1 run, 1 hit, 0 errors, 0 left on base; Stanford University 1 - University of Arizona 2 |
| BOTTOM OF THE 3RD |
|
University of Arizona Wildcats batting - Pitching for Stanford University Cardinal : RHP George Leroux
|
|
Batting: RHB Ron Dondale
|
0-0: Called Strike 0-1: Ball 1-1: Swinging Strike 1-2: Ball 2-2: Ball 3-2: Foul Ball, location: 2F 3-2: DOUBLE (Flyball, 8RXD, EV 95.0 MPH)
|
|
Batting: LHB Edelberto Barbas
|
0-0: 2-RUN HOME RUN (Flyball, 9LD, EV 96.2 MPH), Distance : 348 ft
|
|
Batting: RHB C.J. Wells
|
0-0: Ball 1-0: Swinging Strike 1-1: Ball 2-1: Ball 3-1: Foul Ball, location: 2F 3-2: Foul Ball, location: 2F 3-2: Strikes out swinging
|
|
Batting: RHB Larry Harlow
|
0-0: Ball 1-0: Foul Ball, location: 2F 1-1: Foul Ball, location: 2F 1-2: Foul Ball, location: 2F 1-2: Ball 2-2: Foul Ball, location: 2F 2-2: Ball 3-2: Foul Ball, location: 2F 3-2: TRIPLE (Groundball, 5L, EV 106.2 MPH)
|
|
Batting: RHB Pedro Lopez
|
0-0: Called Strike 0-1: Ball 1-1: Foul Ball, location: 2F 1-2: Ball 2-2: Strikes out swinging
|
|
Batting: RHB Mike Llamas
|
0-0: DOUBLE (Flyball, 8LXD, EV 109.4 MPH) Larry Harlow scores
|
|
Pitching: RHP Juvas Tanuja
|
|
|
Batting: RHB Scott Anderson
|
0-0: Swinging Strike 0-1: Foul Ball, location: 2F 0-2: Ball 1-2: Strikes out swinging
|
| Bottom of the 3rd over - 3 runs, 4 hits, 0 errors, 1 left on base; Stanford University 1 - University of Arizona 5 |
| TOP OF THE 4TH |
|
Stanford University Cardinal batting - Pitching for University of Arizona Wildcats : RHP Melvin Orengo
|
|
Batting: RHB Trent Spivey
|
0-0: Called Strike 0-1: Called Strike 0-2: Strikes out looking
|
|
Batting: RHB Guillermo Puente
|
0-0: Ball 1-0: Called Strike 1-1: Foul Ball, location: 2F 1-2: SINGLE (Groundball, 3S, EV 96.2 MPH)
|
|
Batting: LHB Chien Sam
|
0-0: Ball 1-0: Foul Ball, location: 2F 1-1: SINGLE (Groundball, 56D, EV 100.6 MPH) Guillermo Puente to second
|
|
Batting: RHB Marco Morales
|
0-0: Called Strike 0-1: Ball 1-1: Swinging Strike 1-2: Strikes out swinging
|
|
Pitching: RHP Chris Obloy
|
|
|
Batting: SHB Danny Gallegos
|
0-0: Ball 1-0: Swinging Strike 1-1: Foul Ball, location: 2F 1-2: Ball 2-2: Strikes out swinging
|
| Top of the 4th over - 0 runs, 2 hits, 0 errors, 2 left on base; Stanford University 1 - University of Arizona 5 |
| BOTTOM OF THE 4TH |
|
University of Arizona Wildcats batting - Pitching for Stanford University Cardinal : RHP Juvas Tanuja
|
|
Batting: LHB Pat Costello
|
0-0: Ball 1-0: Called Strike 1-1: Called Strike 1-2: Foul Ball, location: 2F 1-2: Ball 2-2: Strikes out swinging
|
|
Batting: LHB Gary Corrales
|
0-0: Swinging Strike 0-1: Foul Ball, location: 2F 0-2: Strikes out swinging
|
|
Pinch Hitting: RHB Alejandro de Jesus
|
0-0: Fly out, F8 (Flyball, 8LM, EV 92.5 MPH)
|
| Bottom of the 4th over - 0 runs, 0 hits, 0 errors, 0 left on base; Stanford University 1 - University of Arizona 5 |
| TOP OF THE 5TH |
|
Stanford University Cardinal batting - Pitching for University of Arizona Wildcats : RHP Chris Obloy
|
|
Pitching: RHP Jimmy Serna
|
|
|
Now at C: George Grace
|
|
|
Now at 1B: Teddy Bonaddio
|
|
|
Now at 2B: Alex Ruschin
|
|
|
Now at SS: Andrew Davis
|
|
|
Batting: RHB Soichi Kaneshiro
|
0-0: Called Strike 0-1: Ground out 5-3 (Groundball, 56S, EV 79.4 MPH)
|
|
Batting: LHB Bob Neale
|
0-0: Called Strike 0-1: Ground out 6-3 (Groundball, 6M, EV 86.9 MPH)
|
|
Batting: RHB Gong-sun Law
|
0-0: Fly out, F8 (Flyball, 89M, EV 89.4 MPH)
|
| Top of the 5th over - 0 runs, 0 hits, 0 errors, 0 left on base; Stanford University 1 - University of Arizona 5 |
| BOTTOM OF THE 5TH |
|
University of Arizona Wildcats batting - Pitching for Stanford University Cardinal : RHP Juvas Tanuja
|
|
Now at C: Sumio Takahashi
|
|
|
Now at 1B: Kazumi Inouye
|
|
|
Now at 2B: Jose Garduno
|
|
|
Now in LF: Terry Bayer
|
|
|
Now in RF: Bryan Davidson
|
|
|
Batting: LHB Edelberto Barbas
|
0-0: Foul Ball, location: 2F 0-1: Ball 1-1: Called Strike 1-2: SOLO HOME RUN (Flyball, 9D, EV 94.4 MPH), Distance : 377 ft
|
|
Batting: RHB C.J. Wells
|
0-0: Foul Ball, location: 2F 0-1: Ball 1-1: Fly out, F8 (Flyball, 8RD, EV 87.5 MPH)
|
|
Batting: LHB Andrew Davis
|
0-0: Ball 1-0: Swinging Strike 1-1: Ball 2-1: Foul Ball, location: 2F 2-2: Strikes out swinging
|
|
Batting: SHB George Grace
|
0-0: Ball 1-0: Called Strike 1-1: Ball 2-1: Foul Ball, location: 2F 2-2: Ball 3-2: Foul Ball, location: 2F 3-2: Fly out, F9 (Flyball, 9D, EV 96.2 MPH)
|
| Bottom of the 5th over - 1 run, 1 hit, 0 errors, 0 left on base; Stanford University 1 - University of Arizona 6 |
| TOP OF THE 6TH |
|
Stanford University Cardinal batting - Pitching for University of Arizona Wildcats : RHP Jimmy Serna
|
|
Now in LF: Scott Anderson
|
|
|
Now in RF: Luke Bertrand
|
|
|
Batting: RHB Kazumi Inouye
|
0-0: Swinging Strike 0-1: Ball 1-1: Ball 2-1: Swinging Strike 2-2: Fly out, F9 (Flyball, 89S, EV 93.1 MPH)
|
|
Pinch Hitting: RHB Willie Carmona
|
0-0: Called Strike 0-1: Swinging Strike 0-2: DOUBLE (Flyball, 8RD, EV 93.8 MPH)
|
|
Pinch Hitting: RHB Lião Weishampt
|
0-0: Ball 1-0: Ball 2-0: Ball 3-0: Called Strike 3-1: Called Strike 3-2: Base on Balls
|
|
Batting: LHB Bryan Davidson
|
0-0: Foul Ball, location: 2F 0-1: Ball 1-1: Foul Ball, location: 2F 1-2: Strikes out swinging
|
|
Batting: LHB Ryan Rogers
|
0-0: Called Strike 0-1: Ball 1-1: Foul Ball, location: 2F 1-2: Ground out 4-3 (Groundball, 4MS, EV 88.8 MPH)
|
| Top of the 6th over - 0 runs, 1 hit, 0 errors, 2 left on base; Stanford University 1 - University of Arizona 6 |
| BOTTOM OF THE 6TH |
|
University of Arizona Wildcats batting - Pitching for Stanford University Cardinal : RHP Juvas Tanuja
|
|
Pitching: RHP Warren Waldman
|
|
|
Now at 3B: Willie Carmona
|
|
|
Now at SS: Josh Benefield
|
|
|
Now in LF: Lião Weishampt
|
|
|
Now in CF: Terry Bayer
|
|
|
Pinch Hitting: LHB Pascal Noël
|
0-0: Called Strike 0-1: Ball 1-1: Foul Ball, location: 2F 1-2: Foul Ball, location: 2F 1-2: Ball 2-2: Ball 3-2: Ground out U3 (Groundball, 3, EV 92.5 MPH)
|
|
Pinch Hitting: RHB Rio Finnigan
|
0-0: Called Strike 0-1: Foul Ball, location: 2F 0-2: Ground out 6-3 (Groundball, 6, EV 83.1 MPH)
|
|
Batting: RHB Alex Ruschin
|
0-0: Called Strike 0-1: Ground out 5-3 (Groundball, 56S, EV 61.9 MPH)
|
| Bottom of the 6th over - 0 runs, 0 hits, 0 errors, 0 left on base; Stanford University 1 - University of Arizona 6 |
| TOP OF THE 7TH |
|
Stanford University Cardinal batting - Pitching for University of Arizona Wildcats : RHP Jimmy Serna
|
|
Pitching: RHP Fita Muzorewa
|
|
|
Now at 3B: Nick Cech
|
|
|
Now in LF: Lihau Keawe
|
|
|
Batting: RHB Josh Benefield
|
0-0: Called Strike 0-1: Swinging Strike 0-2: Ball 1-2: Ball 2-2: Ball 3-2: Foul Ball, location: 2F 3-2: Base on Balls
|
|
Pinch Hitting: RHB Rade Mamula
|
0-0: Ball 1-0: Foul Ball, location: 2F 1-1: Called Strike 1-2: Ball 2-2: Ball 3-2: SINGLE (Groundball, 6MD, EV 98.8 MPH) Josh Benefield to second
|
|
Batting: LHB Terry Bayer
|
0-0: Ball 1-0: Ball 2-0: Called Strike 2-1: Called Strike 2-2: Foul Ball, location: 2F 2-2: Fly out, F5 (Line Drive, 5, EV 63.8 MPH)
|
|
Batting: RHB Sumio Takahashi
|
0-0: Swinging Strike 0-1: Ball 1-1: Called Strike 1-2: Ball 2-2: Ball 3-2: Foul Ball, location: 2F 3-2: Base on Balls Josh Benefield to third Rade Mamula to second
|
|
Batting: RHB Kazumi Inouye
|
0-0: Called Strike 0-1: Ball 1-1: Grounds out, U3 (Groundball, 3L, EV 78.8 MPH) Josh Benefield scores Rade Mamula to third
|
|
Batting: RHB Willie Carmona
|
0-0: Fly out, F7 (Flyball, 7, EV 93.1 MPH)
|
| Top of the 7th over - 1 run, 1 hit, 0 errors, 2 left on base; Stanford University 2 - University of Arizona 6 |
| BOTTOM OF THE 7TH |
|
University of Arizona Wildcats batting - Pitching for Stanford University Cardinal : RHP Warren Waldman
|
|
Pitching: RHP Kyle Cannon
|
|
|
Now at 2B: Rade Mamula
|
|
|
Batting: RHB Luke Bertrand
|
0-0: Ball 1-0: Swinging Strike 1-1: Ball 2-1: Ball 3-1: Called Strike 3-2: Strikes out swinging
|
|
Batting: RHB Teddy Bonaddio
|
0-0: Called Strike 0-1: Ball 1-1: Foul Ball, location: 2F 1-2: Strikes out swinging
|
|
Batting: RHB Eddy Amaya
|
0-0: Called Strike 0-1: Ball 1-1: SOLO HOME RUN (Flyball, 89XD, EV 112.5 MPH), Distance : 428 ft
|
|
Pinch Hitting: LHB Jere Paatelainen
|
0-0: Swinging Strike 0-1: Called Strike 0-2: Strikes out swinging
|
| Bottom of the 7th over - 1 run, 1 hit, 0 errors, 0 left on base; Stanford University 2 - University of Arizona 7 |
| TOP OF THE 8TH |
|
Stanford University Cardinal batting - Pitching for University of Arizona Wildcats : RHP Fita Muzorewa
|
|
Pitching: RHP Steve Wiest
|
|
|
Now in CF: Josh Carpenter
|
|
|
Pinch Hitting: RHB Elliott Pye
|
0-0: Fly out, F5 (Line Drive, 5L, EV 77.5 MPH)
|
|
Batting: LHB Bryan Davidson
|
0-0: Ball 1-0: Foul Ball, location: 2F 1-1: Ball 2-1: Foul Ball, location: 2F 2-2: Ball 3-2: SOLO HOME RUN (Flyball, 89XD, EV 101.2 MPH), Distance : 419 ft
|
|
Batting: LHB Ryan Rogers
|
0-0: Called Strike 0-1: Swinging Strike 0-2: Ball 1-2: Ball 2-2: Ball 3-2: SINGLE (Groundball, 4MS, EV 66.9 MPH) (infield hit)
|
|
Batting: RHB Josh Benefield
|
0-0: Ball 1-0: Called Strike 1-1: Foul Ball, location: 2F 1-2: Ball 2-2: SINGLE (Line Drive, 89S, EV 86.9 MPH) Ryan Rogers to second
|
|
Batting: RHB Rade Mamula
|
0-0: Ball 1-0: Foul Ball, location: 2F 1-1: Ball 2-1: Foul Ball, location: 2F 2-2: Ball 3-2: DOUBLE (Flyball, 9D, EV 97.5 MPH) Ryan Rogers scores Josh Benefield to third
|
|
Batting: LHB Terry Bayer
|
0-0: Called Strike 0-1: Foul Ball, location: 2F 0-2: Ball 1-2: Foul Ball, location: 2F 1-2: Ball 2-2: Strikes out swinging
|
|
Batting: RHB Sumio Takahashi
|
0-0: Called Strike 0-1: Ball 1-1: Ball 2-1: Foul Ball, location: 2F 2-2: Foul Ball, location: 2F 2-2: Fly out, F3 (Popup, 3S, EV 71.2 MPH)
|
| Top of the 8th over - 2 runs, 4 hits, 0 errors, 2 left on base; Stanford University 4 - University of Arizona 7 |
| BOTTOM OF THE 8TH |
|
University of Arizona Wildcats batting - Pitching for Stanford University Cardinal : RHP Kyle Cannon
|
|
Now in LF: Eddie Crawford
|
|
|
Batting: LHB Andrew Davis
|
0-0: Called Strike 0-1: Foul Ball, location: 2F 0-2: Ball 1-2: Ball 2-2: Ball 3-2: Fly out, F8 (Line Drive, 8RM, EV 106.2 MPH)
|
|
Batting: SHB George Grace
|
0-0: Ball 1-0: Called Strike 1-1: Foul Ball, location: 2F 1-2: Ball 2-2: Fly out, F9 (Flyball, 9S, EV 85.0 MPH)
|
|
Batting: LHB Lihau Keawe
|
0-0: Called Strike 0-1: Ground out 4-3 (Groundball, 4, EV 85.0 MPH)
|
| Bottom of the 8th over - 0 runs, 0 hits, 0 errors, 0 left on base; Stanford University 4 - University of Arizona 7 |
| TOP OF THE 9TH |
|
Stanford University Cardinal batting - Pitching for University of Arizona Wildcats : RHP Steve Wiest
|
|
Pitching: RHP Jesus Castaneda
|
|
|
Pinch Hitting: RHB Ben Bailey
|
0-0: Foul Ball, location: 2F 0-1: Ball 1-1: Foul Ball, location: 2F 1-2: Ball 2-2: Ball 3-2: Fly out, F8 (Flyball, 8RD, EV 104.4 MPH)
|
|
Pinch Hitting: SHB Thad Shearing
|
0-0: Ball 1-0: Fly out, F4 (Popup, 4M, EV 65.6 MPH)
|
|
Pinch Hitting: RHB Ryan Jennings
|
0-0: Ball 1-0: Ball 2-0: Ball 3-0: Called Strike 3-1: Base on Balls
|
|
Pinch Hitting: RHB Troy Bush
|
0-0: Ball 1-0: SINGLE (Groundball, 56S, EV 73.1 MPH) (infield hit) Ryan Jennings to second
|
|
Batting: RHB Luis Cabera
|
0-0: Ball 1-0: Called Strike 1-1: SINGLE (Groundball, 6MD, EV 101.2 MPH) Ryan Jennings to third Troy Bush to second
|
|
Batting: RHB Josh Benefield
|
0-0: Ball 1-0: Foul Ball, location: 2F 1-1: Foul Ball, location: 2F 1-2: Ball 2-2: Ball 3-2: Foul Ball, location: 2F 3-2: Foul Ball, location: 2F 3-2: Fly out, F8 (Flyball, 89M, EV 85.6 MPH)
|
| Top of the 9th over - 0 runs, 2 hits, 0 errors, 3 left on base; Stanford University 4 - University of Arizona 7 |
|